 Dungeon Crawl Stone Soup version 0.20-a0-656-g9b0dcd9 (webtiles) character file.

181 GlassEater the Chopper (level 5, 0/45 HPs)
             Began as a Minotaur Gladiator on Feb 16, 2017.
             Succumbed to an adder's poison
             ... on level 3 of the Dungeon.
             The game lasted 00:03:15 (1916 turns).

GlassEater the Chopper (Minotaur Gladiator)         Turns: 1916, Time: 00:03:16

Health: 0/45       AC: 11    Str: 18    XL:     5   Next: 34%
Magic:  4/4        EV:  6    Int:  5    God:
Gold:   87         SH:  0    Dex: 13    Spells: 4/4 levels left

rFire    . . .     SeeInvis .   a - +0 war axe
rCold    . . .     Gourm    .   x - +0 plate armour
rNeg     . . .     Faith    .   (no shield)
rPois    .         Spirit   .   c - +0 hat
rElec    .         Reflect  .   (no cloak)
rCorr    .         Harm     .   (no gloves)
MR       +....                  (no boots)
Stlth    ..........             m - amulet of magic regeneration
Regen    0.2/turn               (no ring)
MPRegen  0.2/turn               n - ring of protection from magic

@: lethally poisoned (0 -> -8)
A: retaliatory headbutt, horns 2
a: no special abilities


You were on level 3 of the Dungeon.
You were not hungry.

You visited 1 branch of the dungeon, and saw 3 of its levels.

You collected 87 gold pieces.

Inventory:

Hand Weapons
 a - a +0 war axe (weapon)
Missiles
 d - 3 throwing nets (quivered)
 u - 13 bolts
Armour
 c - a +0 hat (worn)
 x - a +0 plate armour (worn)
Jewellery
 m - an amulet of magic regeneration (around neck)
 n - a ring of protection from magic (left hand)
Scrolls
 h - a scroll of noise {unknown}
 i - a scroll of amnesia {unknown}
 j - 2 scrolls of remove curse {unknown}
 l - 7 scrolls of identify {unknown}
 o - a scroll of random uselessness {unknown}
 p - a scroll of teleportation {unknown}
 q - a scroll of blinking {unknown}
 r - 3 scrolls of magic mapping {unknown}
 s - a scroll of fear {unknown}
Potions
 e - 3 potions of lignification {unknown}
 k - 3 potions of curing {unknown}
 w - a potion of haste {unknown}
Comestibles
 b - 9 chunks of flesh
 f - a bread ration
 t - a meat ration
 v - a royal jelly


   Skills:
 + Level 3.0 Fighting
 + Level 6.0 Axes
 - Level 2.0 Throwing
 + Level 2.5 Armour
 + Level 3.9 Dodging


You had 4 spell levels left.
You didn't know any spells.

Dungeon Overview and Level Annotations

Branches:
Dungeon (3/15)

Altars:


Innate Abilities, Weirdness & Mutations

You reflexively headbutt those who attack you in melee.
You have a pair of horns on your head.


Message History

The adder is heavily wounded.
You feel sick. The adder bites you.
You are more poisoned.
The adder poisons you! The adder barely misses you.
You miss the adder.
The adder is heavily wounded.
You feel sick. The adder bites you but does no damage.
You closely miss the adder. You headbutt the adder.
You kill the adder!
Your Axes skill increases to level 6!
You feel sick.
You slash the orc warrior!
You headbutt the orc warrior, but do no damage.
The orc warrior is moderately wounded.
You feel sick.
The orc warrior hits you with a scimitar!
* * * LOW HITPOINT WARNING * * *
You hit the orc warrior but do no damage.
The orc warrior is moderately wounded.
You die...

#.###.##.#..# ..# #.
#.##.#..# #.# #
##.####..# #.#
#........# #.#
##.##.##.# ... #.
#.##.# #.# #.##.# .#
#o# #.#..# .# #@#
#.#..# .#
###.###.###.###.#..# .#
...................#
###.###.###.....#..#
#.#########..#
#####....######..#####
.......................
#########.######..#####
#........<...


You could see an orc warrior.

Vanquished Creatures
  An orc wizard (D:3)
  A worker ant (D:3)
  4 adders
  2 worms (D:2)
  4 dart slugs
  A leopard gecko (D:3)
  9 bats
  6 giant cockroaches
  5 goblins
  4 hobgoblins (D:1)
  3 jackals (D:3)
  11 kobolds
  4 ball pythons (D:1)
  2 frilled lizards
  6 rats
63 creatures vanquished.

Vanquished Creatures (others)
  An orc wizard (D:3)
1 creature vanquished.

Grand Total: 64 creatures vanquished

Notes
Turn   | Place    | Note
-------+----------+-------------------------------------------
     0 | D:1      | GlassEater the Minotaur Gladiator began the quest for the Orb.
     0 | D:1      | Reached XP level 1. HP: 18/18 MP: 0/0
   182 | D:1      | Reached skill level 4 in Axes
   182 | D:1      | Reached XP level 2. HP: 21/25 MP: 1/1
   740 | D:1      | Reached XP level 3. HP: 30/30 MP: 2/2
  1208 | D:2      | Reached skill level 1 in Armour
  1309 | D:2      | Reached XP level 4. HP: 33/37 MP: 3/3
  1336 | D:2      | Reached skill level 5 in Axes
  1902 | D:3      | Reached XP level 5. HP: 32/45 MP: 4/4
  1909 | D:3      | Noticed an orc warrior
  1914 | D:3      | Reached skill level 6 in Axes
  1915 | D:3      | HP: 1/45 [orc warrior/scimitar (16)]
  1916 | D:3      | Succumbed to an adder's poison

Vault maps used:
D:1:      dpeg_arrival_court
D:3:      overflow_temple_1_default, fedhas_altar_fruit_tree

Skill      XL: |  1  2  3  4  5 |
---------------+----------------+-----
Axes           | 4 5 6 |  6.0
Armour         | 1 2 |  2.5
Fighting       | 3 |  3.0
Throwing       | |  2.0
Dodging        | |  3.9

Action                   |  1- 3 |  4- 6 || total
-------------------------+-------+-------++-------
Melee: War axe           |    72 |    67 ||   139
       Headbutt          |     9 |    12 ||    21
 Stab: Distracted        |     1 |       ||     1
  Eat: Chunk             |     1 |     2 ||     3
Armor: Chain mail        |    61 |     4 ||    65
       Leather armour    |     1 |       ||     1
       Plate armour      |       |    41 ||    41
Dodge: Dodged            |    54 |    34 ||    88
